 Dungeon Crawl Stone Soup version 0.19-a0-1254-gb9c29c0 (webtiles) character file.

20821 st0uf the Markscentaur (level 12, -2/103 HPs)
             Began as a Centaur Warper on Aug 27, 2016.
             Was the Champion of Okawaru.
             Slain by a sixfirhy (9 damage)
             ... summoned by an orc high priest
             ... on level 2 of the Orcish Mines.
             The game lasted 02:11:51 (17273 turns).

st0uf the Markscentaur (Centaur Warper)            Turns: 17273, Time: 02:11:51

Health: -2/103     AC: 18    Str: 21    XL:     12   Next: 48%
Magic:  14/14      EV:  9    Int: 10    God:    Okawaru [******]
Gold:   673        SH:  0    Dex:  9    Spells: 4 memorised, 6 levels left

rFire  + + .     SeeInvis .     u - +0 spear (venom)
rCold  + + .     Gourm    .     G - +0 troll leather armour of the Dungeon {rF+ MR++ Regen+ Str-4 Int-2}
rNeg   . . .     Faith    +     (no shield)
rPois  .         Spirit   .     r - +1 helmet
rElec  .         Dismiss  .     X - +2 cloak {+Inv}
rCorr  .         Reflect  .     F - +1 pair of gloves {Str+3}
MR     +++..     Harm     .     V - +0 centaur barding of the New World {rF+ rC+ MR+}
Stlth  +.........               B - amulet of faith
                                n - +3 ring of strength
                                Z - ring of protection from cold

@: drained, very quick
A: hooves 3, deformed body, speed 2, tough skin 3
a: Heroism, Finesse, Renounce Religion, Evoke Invisibility


You were on level 2 of the Orcish Mines.
You worshipped Okawaru.
Okawaru was exalted by your worship.
You were not hungry.

You visited 3 branches of the dungeon, and saw 13 of its levels.
You visited the Abyss 1 time.

You collected 1496 gold pieces.
You spent 823 gold pieces at shops.

Inventory:

Hand Weapons
 l - a +0 shortbow
 u - a +0 spear of venom (weapon)
 U - the +3 shortbow "Umetz" {velocity, Str-4 Int+2 Dex+4}
   (Okawaru gifted it to you on level 2 of the Orcish Mines)

   Any arrow fired from it inflicts extra damage.
   It affects your strength (-4).
   It affects your intelligence (+2).
   It affects your dexterity (+4).
Missiles
 d - 210 arrows
 e - 5 tomahawks of dispersal (quivered)
 q - 28 tomahawks
 Q - 2 poisoned tomahawks
 W - 4 tomahawks of returning
Armour
 r - a +1 helmet (worn)
 y - a +1 troll leather armour
 F - a +1 pair of gloves of strength (worn)
 G - the +0 troll leather armour of the Dungeon (worn) {rF+ MR++ Regen+ Str-4 Int-2}
   (You bought it in a shop on level 2 of the Orcish Mines)

   It affects your strength (-4).
   It affects your intelligence (-2).
   It protects you from fire.
   It affects your resistance to hostile enchantments.
   It increases your rate of regeneration.
 I - a +0 crystal plate armour
 V - the +0 centaur barding of the New World (worn) {rF+ rC+ MR+}
   (Okawaru gifted it to you on level 1 of the Orcish Mines)

   It protects you from fire.
   It protects you from cold.
   It affects your resistance to hostile enchantments.
 X - a +2 cloak of invisibility (worn)
Jewellery
 i - an uncursed ring of resist corrosion
 n - a +3 ring of strength (right hand)
 B - an amulet of faith (around neck)
 Z - a ring of protection from cold (left hand)
Scrolls
 k - 5 scrolls of teleportation
 p - a scroll of fear {unknown}
 s - a scroll of noise {unknown}
 t - 2 scrolls of magic mapping
 z - a scroll of torment {unknown}
 C - 2 scrolls of recharging {unknown}
 D - 3 scrolls of fog {unknown}
 E - 2 scrolls of remove curse
 H - 7 scrolls of identify
 K - a scroll of summoning {unknown}
 M - a scroll of acquirement {unknown}
 N - a scroll of amnesia {unknown}
 R - a scroll of blinking
Potions
 h - 4 potions of curing
 j - a potion of heal wounds {unknown}
 v - 2 potions of beneficial mutation {unknown}
 w - a potion of brilliance {unknown}
 A - a potion of degeneration {unknown}
 J - a potion of cancellation {unknown}
 L - 2 potions of berserk rage {unknown}
 P - 2 potions of magic {unknown}
Books
 a - a book of Annihilations

   Spells                             Type                      Level
   a - Poison Arrow                   Conjuration/Poison           6
   b - Chain Lightning                Conjuration/Air              8
   c - Lehudib's Crystal Spear        Conjuration/Earth            8
   d - Glaciate                       Conjuration/Ice              9
   e - Fire Storm                     Conjuration/Fire             9
 b - a book of Party Tricks

   Spells                             Type                      Level
   a - Summon Butterflies             Summoning                    1
   b - Apportation                    Translocation                1
   c - Tukima's Dance                 Hexes                        3
   d - Alistair's Intoxication        Transmutation/Poison         5
   e - Invisibility                   Hexes                        6
 c - a book of Spatial Translocations

   Spells                             Type                      Level
   a - Apportation                    Translocation                1
   b - Blink                          Translocation                2
   c - Shroud of Golubria             Charms/Translocation         2
   d - Portal Projectile              Translocation                3
   e - Teleport Other                 Translocation                3
   f - Passage of Golubria            Translocation                4
 O - a book of Flames

   Spells                             Type                      Level
   a - Flame Tongue                   Conjuration/Fire             1
   b - Throw Flame                    Conjuration/Fire             2
   c - Conjure Flame                  Conjuration/Fire             3
   d - Inner Flame                    Hexes/Fire                   3
   e - Sticky Flame                   Conjuration/Fire             4
   f - Fireball                       Conjuration/Fire             5
 Y - a book of Minor Magic

   Spells                             Type                      Level
   a - Magic Dart                     Conjuration                  1
   b - Blink                          Translocation                2
   c - Call Imp                       Summoning                    2
   d - Repel Missiles                 Charms/Air                   2
   e - Slow                           Hexes                        2
   f - Conjure Flame                  Conjuration/Fire             3
   g - Mephitic Cloud                 Conjuration/Poison/Air       3
Comestibles
 f - 6 bread rations
 g - 2 royal jellies
 m - a beef jerky
 x - 16 fruits
 S - 6 meat rations
 T - 2 slices of pizza


   Skills:
 + Level 8.8(8.0) Fighting
 + Level 9.0(8.2) Polearms
 * Level 15.3(14.3) Bows
 - Level 1.1(0.4) Throwing
 + Level 5.0(4.2) Armour
 - Level 5.2(4.5) Dodging
 - Level 1.5(0.8) Spellcasting
 + Level 6.3(5.5) Translocations


You had 6 spell levels left.
You knew the following spells:

 Your Spells              Type           Power        Failure   Level  Hunger
a - Apportation           Tloc           ##........   4%          1    ##.....
b - Shroud of Golubria    Chrm/Tloc      #.........   21%         2    ###....
c - Blink                 Tloc           N/A          10%         2    ###....
d - Portal Projectile     Tloc           ##....       14%         3    ####...


Dungeon Overview and Level Annotations

Branches:
Dungeon (10/15)            Temple (1/1) D:4            Lair (0/6) D:8
    Orc (2/2) D:10            Elf (0/3) Orc:2

Altars:
Cheibriados
Dithmenos
Elyvilon
Fedhas
Gozag
Hepliaklqana
Kikubaaqudgha
Nemelex Xobeh
Okawaru
Qazlal
Ru
Sif Muna
Vehumet
Xom
Yredelemnul
Zin
The Shining One
Beogh
Jiyva

Shops:
D:4 [   D:9 [   Orc:2 *%}(}=[*

Annotations:
D:3 1 runed door
D:5 Gruesome's ghost, novice FoFi


Innate Abilities, Weirdness & Mutations

You have hooves in place of feet.
Armour fits poorly on your strangely shaped body.
You cover ground very quickly.
You have extremely tough skin. (AC +3)


Message History

* * * LOW HITPOINT WARNING * * *
The orc high priest calls down the wrath of Beogh upon you.
Beogh smites you!
* * * LOW HITPOINT WARNING * * *
Unknown command.
You feel better. The sixfirhy hits you.
* * * LOW HITPOINT WARNING * * *
The sixfirhy shocks you!
* * * LOW HITPOINT WARNING * * *
The sixfirhy barely misses you.
The sixfirhy hits you but does no damage.
The sixfirhy closely misses you.
Things that are here:
a ring mail; a flail The sixfirhy hits you but does no damage.
The orc high priest prays to Beogh.
The sixfirhy hits you.
* * * LOW HITPOINT WARNING * * *
The sixfirhy shocks you!
You die...

#...#.## ######.....# ###
##..#.#....## ##.##
#.........## #...#
##....#[[..#####...#
#....#..)....##...##
##......).....##...#
#.....[.......#.#.###
#........[@.......#.##
#......[.[3#.........####
#.......)...........#.#.##
##.......................#
#.......%.#4............###
##....)<...4............###
#..[.......o..............#
#..∩#....4#.......#........
#....[.......#.............


You could see an orc high priest, a rust devil, a sixfirhy and 2 chaos spawn.

Vanquished Creatures
  2 orc warlords (Orc:1)
  Snorg (D:10)
  Erica (D:10)
  3 orc high priests
  3 orc knights (Orc:1)
  A hill giant (D:10)
  2 orc sorcerers (Orc:2)
  A komodo dragon (D:8)
  Prince Ribbit (D:5)
  5 trolls
  3 two-headed ogres
  3 slime creatures
  3 yaks (D:8)
  4 hungry ghosts
  7 wargs
  A water moccasin (D:6)
  31 orc warriors
  A sky beast (D:6)
  2 ice beasts
  2 black bears
  14 ogres
  2 centaurs (D:9)
  5 giant frogs
  A big kobold (D:8)
  4 killer bees (D:10)
  2 scorpions
  8 wights
  3 howler monkeys
  11 crimson imps
  2 giant frog zombies
  3 jellies
  3 centaur skeletons
  9 orc priests
  3 hounds
  2 giant frog skeletons
  Terence (D:2)
  5 iguanas
  12 orc wizards
  5 worker ants
  Natasha (thrice) (D:2 D:4)
  A worker ant zombie (D:10)
  Robin (D:3)
  8 adders
  6 gnolls
  3 adder skeletons
  A dart slug (D:1)
  8 giant geckos
  61 orcs
  2 ball pythons
  6 bats
  3 giant cockroaches
  17 goblins
  11 hobgoblins
  25 jackals
  7 quokkas
  A giant cockroach zombie (D:6)
  A giant gecko skeleton (D:5)
  A giant gecko zombie (D:4)
  3 giant newts
  10 kobolds
  A quokka skeleton (D:5)
  A quokka zombie (D:6)
  2 rats
  A fungus (Orc:2)
356 creatures vanquished.

Vanquished Creatures (others)
  15 fungi (Orc:2)
  2 plants (D:8)
17 creatures vanquished.

Grand Total: 373 creatures vanquished

Notes
Turn   | Place    | Note
-------+----------+-------------------------------------------
     0 | D:1      | st0uf the Centaur Warper began the quest for the Orb.
     0 | D:1      | Reached XP level 1. HP: 17/17 MP: 3/3
   330 | D:1      | Reached XP level 2. HP: 24/24 MP: 2/4
   890 | D:1      | Reached XP level 3. HP: 27/29 MP: 5/5
   998 | D:2      | Learned a level 2 spell: Shroud of Golubria
  1001 | D:2      | Learned a level 2 spell: Blink
  1318 | D:2      | Noticed Terence
  1567 | D:2      | Killed Terence
  1567 | D:2      | Reached skill level 1 in Armour
  1567 | D:2      | Reached XP level 4. HP: 36/36 MP: 6/6
  1916 | D:2      | Found a white marble altar of Elyvilon.
  1916 | D:2      | Found a glowing golden altar of the Shining One.
  1917 | D:2      | Found a glowing silver altar of Zin.
  1985 | D:2      | Found a shimmering altar of Xom.
  2190 | D:2      | Found a faded altar of an unknown god.
  2219 | D:2      | Noticed Natasha
  2491 | D:2      | Killed Natasha
  3253 | D:3      | Found an iron altar of Okawaru.
  3269 | D:3      | Became a worshipper of Warmaster Okawaru
  3305 | D:3      | Reached XP level 5. HP: 28/42 MP: 7/7
  3353 | D:3      | Noticed Robin
  3389 | D:3      | Killed Robin
  4236 | D:3      | Found a runed door.
  4635 | D:4      | Found a shadowy altar of Dithmenos.
  4652 | D:4      | Got a fine scale mail
  4653 | D:4      | Identified the +0 scale mail of Quantum Leap {rN+ Str+3 Slay-5} (You found it on level 4 of the Dungeon)
  4674 | D:4      | Found a hazy altar of Hepliaklqana.
  4716 | D:4      | Noticed an ogre
  4747 | D:4      | Killed an ogre
  4747 | D:4      | Reached XP level 6. HP: 50/50 MP: 8/8
  4783 | D:4      | Found Ytraw's Antique Armour Emporium.
  4801 | D:4      | Bought a pair of glowing gloves for 117 gold pieces
  4862 | D:4      | Noticed Natasha
  4873 | D:4      | Killed Natasha
  5035 | D:4      | Found a staircase to the Ecumenical Temple.
  5052 | Temple   | Entered the Ecumenical Temple
  5065 | D:4      | Noticed Natasha
  5079 | D:4      | Killed Natasha
  5323 | D:5      | Entered Level 5 of the Dungeon
  5332 | D:5      | Reached skill level 1 in Bows
  5366 | D:5      | Reached * piety under Okawaru
  5390 | D:5      | Noticed an ice beast
  5481 | D:4      | Killed an ice beast
  5481 | D:4      | Reached skill level 2 in Bows
  5481 | D:4      | Reached XP level 7. HP: 57/57 MP: 9/9
  5752 | D:5      | Noticed Gruesome's ghost (novice FoFi)
  5938 | D:5      | Found a sacrificial altar of Ru.
  6306 | D:5      | Reached skill level 3 in Bows
  6462 | D:5      | Noticed Prince Ribbit
  6479 | D:5      | Killed Prince Ribbit
  6479 | D:5      | Reached ** piety under Okawaru
  6479 | D:5      | Reached skill level 4 in Bows
  6479 | D:5      | Reached XP level 8. HP: 26/66 MP: 7/10
  7259 | D:5      | Found a snail-covered altar of Cheibriados.
  7259 | D:5      | Found a deep blue altar of Sif Muna.
  8042 | D:6      | Reached skill level 5 in Bows
  8106 | D:6      | Reached skill level 5 in Translocations
  8160 | D:6      | Found an ancient bone altar of Kikubaaqudgha.
  8403 | D:6      | Reached *** piety under Okawaru
  9067 | D:7      | Reached skill level 6 in Bows
  9067 | D:7      | Reached XP level 9. HP: 73/73 MP: 11/11
  9074 | D:7      | Found a sparkling altar of Nemelex Xobeh.
  9690 | D:7      | Reached skill level 5 in Fighting
  9994 | D:8      | Found a basalt altar of Yredelemnul.
 10056 | D:8      | Found a staircase to the Lair.
 10057 | D:8      | Noticed a komodo dragon
 10087 | D:8      | Killed a komodo dragon
 10087 | D:8      | Reached **** piety under Okawaru
 10087 | D:8      | Reached skill level 5 in Polearms
 10149 | D:8      | Reached skill level 7 in Bows
 10421 | D:8      | Reached skill level 5 in Dodging
 10422 | D:8      | Found a radiant altar of Vehumet.
 10631 | D:8      | Received a gift from Okawaru
 10657 | D:8      | Received a gift from Okawaru
 10843 | D:8      | Reached ***** piety under Okawaru
 11149 | D:8      | Reached XP level 10. HP: 83/83 MP: 12/12
 11474 | D:8      | Received a gift from Okawaru
 11488 | D:8      | Learned a level 3 spell: Portal Projectile
 11685 | D:9      | Reached skill level 8 in Bows
 12127 | D:9      | Found Elasmops's Antique Armour Shoppe.
 12148 | D:9      | Bought an ichor-stained cloak for 304 gold pieces
 12148 | D:9      | Identified the cursed +0 cloak of Yzxy {rC+ rCorr Int+7 Slay-5} (You bought it in a shop on level 9 of the Dungeon)
 12532 | D:9      | Received a gift from Okawaru
 12895 | D:10     | Entered Level 10 of the Dungeon
 12908 | D:10     | Found a staircase to the Orcish Mines.
 12925 | D:10     | Noticed Erica
 12960 | D:10     | Killed Erica
 12960 | D:10     | Received a gift from Okawaru
 12960 | D:10     | Reached skill level 9 in Bows
 13271 | D:10     | Noticed Snorg
 13438 | D:10     | Killed Snorg
 13438 | D:10     | Reached XP level 11. HP: 47/92 MP: 13/13
 13638 | D:10     | Noticed a hill giant
 13675 | D:10     | Killed a hill giant
 13835 | Orc:1    | Entered Level 1 of the Orcish Mines
 13891 | Orc:2    | Entered Level 2 of the Orcish Mines
 13937 | Orc:2    | Found Eckey's General Store.
 13956 | Orc:2    | Found Kacuvowu's Gadget Shop.
 14085 | Orc:2    | Noticed an orc high priest
 14122 | Orc:1    | Noticed a sun demon
 14152 | Orc:1    | Killed an orc high priest
 14152 | Orc:1    | Received a gift from Okawaru
 14152 | Orc:1    | Reached skill level 10 in Bows
 14229 | Orc:2    | Noticed an orc knight
 14396 | Orc:1    | Killed an orc knight
 14534 | Orc:2    | Reached ****** piety under Okawaru
 14568 | Orc:2    | Found Roezekos's Antique Weapon Shoppe.
 14568 | Orc:2    | Found Ygal's Food Shop.
 14596 | Orc:2    | Received a gift from Okawaru
 14596 | Orc:2    | Reached skill level 11 in Bows
 14628 | Orc:2    | Noticed an orc sorcerer
 14775 | Orc:2    | Killed an orc sorcerer
 14895 | Orc:2    | Received a gift from Okawaru
 14896 | Orc:2    | Got a polished shortbow {god gift}
 14912 | Orc:2    | Noticed an orc knight
 14921 | Orc:2    | Noticed an orc sorcerer
 14974 | Orc:1    | Killed an orc knight
 14974 | Orc:1    | Reached skill level 12 in Bows
 15098 | Orc:2    | Paralysed by an orc sorcerer for 4 turns
 15112 | Orc:2    | Killed an orc sorcerer
 15116 | Orc:2    | Noticed an orc warlord
 15213 | Orc:1    | Killed an orc warlord
 15227 | Orc:1    | Identified the +3 shortbow "Umetz" {velocity, Str-4 Int+2 Dex+4} (Okawaru gifted it to you on level 2 of the Orcish Mines)
 15258 | Orc:1    | Received a gift from Okawaru
 15260 | Orc:1    | Got a translucent centaur barding {god gift}
 15268 | Orc:1    | Identified the +0 centaur barding of the New World {rF+ rC+ MR+} (Okawaru gifted it to you on level 1 of the Orcish Mines)
 15396 | Orc:1    | Reached XP level 12. HP: 86/103 MP: 14/14
 15424 | Orc:2    | Reached skill level 13 in Bows
 15520 | Orc:2    | Found Mucanleo's Jewellery Shop.
 15541 | Orc:2    | Found Bigom's Antique Armour Emporium.
 15544 | Orc:2    | Noticed an orc high priest
 15557 | Orc:2    | Killed an orc high priest
 15961 | Orc:2    | Noticed an orc high priest
 16020 | Orc:2    | Killed an orc high priest
 16020 | Orc:2    | Reached skill level 14 in Bows
 16093 | Orc:2    | Found Hodon's Gadget Shop.
 16094 | Orc:2    | Found a staircase to the Elven Halls.
 16101 | Orc:2    | Reached skill level 5 in Armour
 16116 | Orc:2    | Noticed an orc warlord
 16214 | Orc:1    | Killed an orc warlord
 16299 | Orc:2    | Bought a twisted troll leather armour for 370 gold pieces
 16310 | Orc:2    | Identified the cursed +0 troll leather armour of the Dungeon {rF+ MR++ Regen+ Str-4 Int-2} (You bought it in a shop on level 2 of the Orcish Mines)
 16342 | Orc:2    | Found Gycrutan's General Store.
 16368 | Orc:2    | Bought a scroll of identify for 32 gold pieces
 16709 | Orc:2    | Reached skill level 15 in Bows
 16942 | Orc:1    | Found a roughly hewn altar of Beogh.
 17028 | Orc:1    | Noticed an orc high priest
 17249 | Orc:2    | Cast into level 2 of the Abyss (orc high priest)
 17259 | Orc:2    | Escaped the Abyss
 17273 | Orc:2    | Slain by a sixfirhy

Vault maps used:
D:1:      sevenhm_arrival_forest_fort_large_3
D:2:      good_gods_mini_temple, ecumenical_altar_2, lemuel_statue_altar,
          uniq_terence, uniq_natasha
D:3:      lemuel_crystal_altar, first_bread, uniq_robin, uniq_crazy_yiuf_cottage
D:4:      nicolae_overflow_crystal_walls, serial_shops, shop,
          mrwooster_statue_mirror, grunt_dithmenos_smoke_and_mirrors
D:5:      gammafunk_temple_overflow_elements, nicolae_ru_path_of_blood,
          uniq_prince_ribbit1
D:6:      nicolae_overflow_hidden_temple
D:7:      lemuel_round_altar
D:8:      vehumet_altar_wand_db, lemuel_coloured_pillars_altar,
          david_lair_shrubbed
D:9:      serial_shops, shop
D:10:     orc_0_dummy, uniq_erica, uniq_snorg
Temple:   pf_slimified_temple
Orc:1:    basic_altar
Orc:2:    grunt_orc_gardens, grunt_orc_garden, grunt_orc_garden,
          grunt_orc_garden, grunt_orc_garden, serial_shops, shop, shop,
          nicolae_shop_behind_doors, shop

Skill      XL: |  1  2  3  4  5  6  7  8  9 10 11 12 |
---------------+-------------------------------------+-----
Translocations | 3 4 5 6 |  6.3
Dodging        | 2 3 4 5 |  5.2
Polearms       | 2 3 4 5 7 8 9 |  9.0
Armour         | 1 2 3 4 5 |  5.0
Fighting       | 3 4 5 7 8 |  8.8
Bows           | 2 4 6 7 9 12 15 | 15.3
Throwing       | |  1.1
Spellcasting   | |  1.5

Action                   |  1- 3 |  4- 6 |  7- 9 | 10-12 || total
-------------------------+-------+-------+-------+-------++-------
Melee: Spear             |   188 |   284 |   714 |   878 ||  2064
       Kick              |    13 |    38 |   107 |   123 ||   281
 Fire: Shortbow          |       |       |       |   218 ||   218
 Cast: Apportation       |    28 |    23 |    17 |    21 ||    89
       Blink             |       |     1 |       |       ||     1
Invok: Heroism           |       |       |       |     1 ||     1
  Use: Scroll            |       |     5 |     6 |     4 ||    15
       Potion            |       |       |       |     1 ||     1
  Eat: Chunk             |     2 |    12 |    12 |    19 ||    45
       Meat ration       |       |       |     1 |       ||     1
Armor: Leather armour    |    61 |    40 |   115 |    38 ||   254
       Chain mail        |       |    74 |       |       ||    74
       Skin              |       |     1 |       |       ||     1
       Crystal plate arm |       |       |   111 |       ||   111
       Troll leather arm |       |       |       |   172 ||   172
Dodge: Dodged            |    62 |    68 |   145 |   212 ||   487
